 Dungeon Crawl Stone Soup version 0.31.0-32-g396128a36d (webtiles) character file.

Game seed: 14452418746281639212

296 BigDaddyOpFi the Conjurer (level 6, -2/36 HPs)
             Began as an Octopode Conjurer on Mar 21, 2024.
             Slain by a kobold brigand
             ... wielding a +3 short sword
              (6 damage)
             ... in a sewer.
             The game lasted 00:04:45 (4024 turns).

BigDaddyOpFi the Conjurer (Octopode Conjurer)       Turns: 4024, Time: 00:04:45

Health: -2/36      AC:  1    Str:  6    XL:     6   Next: 35%
Magic:  0/10       EV: 13    Int: 22    God:
Gold:   181        SH:  5    Dex: 11    Spells: 8/11 levels left

rFire   . . .        i - +0 dagger
rCold   . . .        r - orb {guile}
rNeg    . . .        (helmet restricted)
rPois   .            o - amulet of reflection
rElec   .            u - ring of flight
rCorr   .            (no ring)
SInv    .            (no ring)
Will    .....        (no ring)
Stlth   +++++        (no ring)
HPRegen 0.26/turn    (no ring)
MPRegen 0.12/turn    (no ring)
                     (no ring)

%: reflection
@: lethally poisoned (-2 -> -4), flying
A: almost no armour, amphibious, 8 rings, camouflage 1, gelatinous body 1,
nimble swimmer 1, tentacles
a: no special abilities


You were in a sewer.
You visited 1 branch of the dungeon, and saw 4 of its levels.
You also visited: Sewer.

You collected 181 gold pieces.

Inventory:

Hand Weapons
 f - a +0 spear
 h - a +0 sling
 i - a +0 dagger (weapon)
Armour
 r - an orb of guile (worn)
Jewellery
 o - an amulet of reflection (around mantle)
 u - a ring of flight (left tentacle)
Scrolls
 g - a scroll of vulnerability
 k - 2 scrolls of amnesia
 q - a scroll of silence
 t - a scroll of fog
Potions
 l - a potion of enlightenment
 p - 2 potions of invisibility
 s - a potion of degeneration {unknown}


   Skills:
 + Level 3.2 Dodging
 + Level 4.7 Stealth
 + Level 3.0 Spellcasting
 * Level 5.3 Conjurations
 + Level 1.7 Earth Magic


You had 8 spell levels left.
You knew the following spells:

 Your Spells              Type           Power      Damage    Failure   Level
a - Magic Dart            Conj           100%       1d8       1%          1
b - Searing Ray           Conj           52%        2d6       1%          2

Your spell library contained the following spells:

 Spells                   Type           Power      Damage    Failure   Level
 Stone Arrow              Conj/Erth      38%        3d9       9%          3
 Inner Flame              Hex/Fire       3%         N/A       36%         3
 Flame Wave               Conj/Fire      15%        2d7       38%         4
 Fulminant Prism          Conj/Alch      7%         3d7       38%         4
 Iskenderun's Mystic Bla  Conj/Tloc      15%        2d5       38%         4
 Sticky Flame             Fire/Alch      3%         2d4       77%         4
 Lehudib's Crystal Spear  Conj/Erth      9%         10d4      100%        8
 Animate Armour           Summ/Erth      Unusable   N/A       N/A         4

Dungeon Overview and Level Annotations

Branches:
Dungeon (4/15)              Sewer (1/1)
 Temple: D:4-7

Altars:

Annotations:
D:4 Pikel


Innate Abilities, Weirdness & Mutations

You cannot wear most types of armour.
You are amphibious.
You can wear up to eight rings at the same time.
Your skin changes colour to match your surroundings (Stealth+).
Your rubbery body absorbs attacks. (AC +1, EV +1)
You are camouflaged when in or above water. (Stealth+)
You have tentacles for arms and can constrict up to eight enemies at once.


Message History

The kobold brigand splashes around in the water.
You feel sick.
The kobold brigand throws a poisoned dart.
The poisoned dart hits you!
You are more poisoned.
The kobold brigand throws a poisoned dart.
The poisoned dart closely misses you.
Casting: Searing Ray (safe; 1% risk of failure)
Confirm with . or Enter, or press ? or * to list all spells.
Aiming: Searing Ray (safe; 1% risk of failure)
Press: ? - help, Shift-Dir - straight line, f/p - kobold brigand
Aim: a kobold brigand, wielding a +0 short sword and quivering poisoned darts (severely wounded, 74% to hit)
The searing ray hits the kobold brigand.
The kobold brigand is severely wounded. (Press . to maintain the ray.)
You feel very sick.
The kobold brigand throws a poisoned dart.
The poisoned dart misses you.
The searing ray misses the kobold brigand.
You feel sick.
Unknown command.
You feel sick.
Casting: Searing Ray (safe; 1% risk of failure)
Confirm with . or Enter, or press ? or * to list all spells.
Aiming: Searing Ray (safe; 1% risk of failure)
Press: ? - help, Shift-Dir - straight line, f/p - kobold brigand
Aim: a kobold brigand, wielding a +0 short sword and quivering poisoned darts (severely wounded, 74% to hit)
The searing ray misses the kobold brigand. x2 (Press . to maintain the ray.)
You feel sick.
The kobold brigand hits you with a +3 short sword!
* * * LOW HITPOINT WARNING * * *
Unknown command.
The searing ray hits the kobold brigand.
The kobold brigand is moderately wounded.
The searing ray hits the kobold brigand.
The kobold brigand is almost dead.
You feel sick.
The kobold brigand hits you with a +3 short sword.
You die...

###### ##
#.#.#. .#
#~#~#~ ~#
#)#~#~ ~#
#~#)#~#~#
#~~~#~K~#
##~###K## #~#
#@# #~###~#
#~~~~.#
##~~.## #~~~#
#.~~# #...##
#.~.~## #.
#.~~..#####~~.


You could see 2 kobold brigands.

Vanquished Creatures
  A lemure (D:4)
  2 kobold brigands (Sewer)
  An iguana (D:4)
  2 orc wizards (D:3)
  4 adders
  A ribbon worm (D:3)
  5 orcs
  5 ball pythons
  3 endoplasms
  2 giant cockroaches
  8 goblins
  3 hobgoblins
  4 bats (D:1)
  3 frilled lizards
  2 kobolds
  5 rats
51 creatures vanquished.

Notes
Turn   | Place    | Note
-------+----------+-------------------------------------------
     0 | D:1      | BigDaddyOpFi the Octopode Conjurer began the quest for the
                  | Orb.
     0 | D:1      | Reached XP level 1. HP: 11/11 MP: 3/3
   379 | D:1      | Reached XP level 2. HP: 17/17 MP: 0/5
  1190 | D:2      | Reached XP level 3. HP: 21/21 MP: 2/6
  1193 | D:2      | Learned a level 2 spell: Searing Ray
  2335 | D:3      | Reached XP level 4. HP: 9/27 MP: 4/7
  2685 | D:3      | Reached skill level 1 in Earth Magic
  2771 | D:3      | Reached XP level 5. HP: 31/31 MP: 5/8
  3416 | D:4      | HP: 1/31 [iguana (8)]
  3433 | D:4      | Noticed Pikel
  3433 | D:4      | Noticed a lemure
  3433 | D:4      | Noticed a lemure
  3433 | D:4      | Noticed a lemure
  3433 | D:4      | Noticed a lemure
  3651 | D:4      | Killed a lemure
  3669 | D:4      | Found a glowing drain.
  3695 | Sewer    | Entered a sewer
  3873 | Sewer    | Noticed a kobold brigand
  3873 | Sewer    | Noticed a kobold brigand
  3878 | Sewer    | Killed a kobold brigand
  3879 | Sewer    | Reached skill level 5 in Conjurations
  3879 | Sewer    | Reached XP level 6. HP: 18/36 MP: 4/10
  4024 | Sewer    | Slain by a kobold brigand

Illustrated notes

Levels and vault maps discovered:
D:1:      lemuel_arrival_behind_the_door_small, layout_basic
D:2:      minmay_inner_zag, layout_basic
D:3:      layout_basic, kennysheep_generic_room_12
D:4:      layout_cave_pools, gup_sewer_entry_glass, serial_co_window_serial,
          co_window_of_opportunity_a, co_window_cross_1, co_window_paths_a,
          co_window_corner_a, co_window_cross_1, co_window_broadway_a,
          co_window_of_opportunity_c, co_window_2corner, co_window_broadway_a,
          co_window_corner_b, co_window_corner_b, co_window_cross_2,
          glass_columns_b, glass_columns_a, glass_columns_c,
          kennysheep_generic_room_9, uniq_pikel, uniq_eustachio
Sewer:    sewer_co_tree

Skill      XL: |  1  2  3  4  5  6 |
---------------+-------------------+-----
Stealth        | 3 4 |  4.7
Earth Magic    | 1 |  1.7
Dodging        | 3 |  3.2
Conjurations   | 5 |  5.3
Spellcasting   | 3 |  3.0

Action                     |  1- 3 |  4- 6 || total
---------------------------+-------+-------++-------
  Melee: Spear             |    10 |       ||    10
         Constrict         |     3 |     1 ||     4
         Unarmed           |     1 |       ||     1
         Dagger            |     5 |    14 ||    19
         Tentacles         |     1 |     2 ||     3
   Cast: Magic Dart        |    54 |    30 ||    84
         Searing Ray       |     3 |    13 ||    16
    Use: Potion            |     4 |     3 ||     7
         Scroll            |       |    13 ||    13
 Armour: Skin              |    24 |    30 ||    54
  Dodge: Dodged            |    23 |    23 ||    46
